Map: Ever Dream LE

Players

LiquidClem (Clem)

  • Race: Terran Terran
  • League: Master
  • Spawn Location: 1:00

Serral - Winner!

  • Race: Zerg Zerg
  • League: Grandmaster
  • Spawn Location: 7:00

Event: DreamHack SC2 Masters 2020 Fall

VOD

Have the link to the VOD?

Description

Time

  • Played on: Sept. 19, 2020, 1:13 p.m.
  • Length: 16:14

All games in this series

Show
View Real Time Build Order
Export as new Build Order

LiquidClem Terran 

Build Orders: Liberator Opening, Reaper Expand 

Get SALT Encoding   

  12  0:00  SCV  
  13  0:12  SCV  
  14  0:17  Supply Depot  
  14  0:24  SCV  
  15  0:38  SCV  
  15  0:40  Barracks  
  16  0:43  Refinery  
  16  0:50  SCV  
  17  1:02  SCV  
  18  1:14  SCV  
  19  1:26  Reaper  
  19  1:27  Orbital Command  
  20  1:39  Command Center  
  20  1:46  Supply Depot  
  20  1:52  SCV  
  21  1:58  Marine  
  22  2:04  SCV  
  23  2:10  Factory  
  23  2:15  Refinery  
  23  2:17  SCV  
  23  2:20  Barracks Reactor  
  24  2:29  SCV  
  25  2:41  SCV  
  26  2:51  Orbital Command  
  26  2:53  SCV  
  26  2:57  Starport  
  27  3:02  Hellion x2  
  27  3:04  Marine  
  27  3:05  SCV  
  33  3:17  SCV x2, Supply Depot  
  35  3:23  Barracks Tech Lab  
  35  3:25  Hellion  
  35  3:26  Hellion  
  39  3:29  SCV x2  
  41  3:34  Liberator  
  41  3:41  SCV, Supply Depot  
  44  3:43  SCV  
  46  3:49  Hellion  
  46  3:50  Hellion  
  46  3:53  SCV  
  46  3:55  SCV  
  52  3:58  Stimpack  
  52  4:04  Supply Depot  
  52  4:05  SCV  
  53  4:10  SCV  
  53  4:11  Hellion x2  
  58  4:18  SCV  
  59  4:27  Command Center  
  59  4:31  Starport Reactor  
  59  4:32  SCV x2, Hellion  
  59  4:33  Hellion  
  65  4:44  SCV x2  
  65  4:45  Barracks  
  67  4:47  Marine, Barracks  
  68  4:53  Supply Depot  
  68  4:54  Engineering Bay  
  68  4:55  Engineering Bay  
  68  4:57  SCV  
  69  5:02  SCV  
  69  5:04  Refinery  
  70  5:10  Refinery  
  70  5:12  Factory Tech Lab  
  70  5:14  Marine  
  70  5:15  SCV x2  
  67  5:27  SCV x2  
  55  5:31  Terran Infantry Weapons Level 1, Terran Infantry Armor Level 1  
  55  5:32  Marine  
  56  5:37  Barracks, Siege Tank  
  56  5:38  Barracks  
  56  5:39  SCV  
  56  5:40  Starport Reactor  
  56  5:42  Combat Shield, Marine x2  
  60  5:43  Marine  
  60  5:45  Marine  
  64  5:50  SCV, Marine  
  64  5:51  SCV, Supply Depot  
  67  6:00  Marine x3  
  67  6:02  Marine  
  69  6:04  SCV  
  69  6:05  SCV  
  69  6:08  Marine  
  69  6:09  Siege Tank  
  69  6:10  Orbital Command  
  75  6:16  SCV  
  75  6:17  Barracks  
  75  6:18  Marine  
  74  6:19  Barracks  
  74  6:20  Marine x2  
  74  6:21  Marine  
  79  6:27  Medivac x2  
  79  6:29  SCV  
  79  6:30  SCV, Barracks Reactor  
  79  6:32  Barracks Reactor  
  84  6:33  Marine  
  84  6:38  Barracks  
  84  6:39  SCV  
  86  6:41  SCV, Supply Depot  
  86  6:43  Marine x2  
  86  6:44  Marine  
  86  6:45  Marine  
  91  6:47  SCV  
  91  6:49  Siege Tank  
  91  6:51  SCV  
  96  6:54  Marine  
  96  6:55  Supply Depot  
  96  7:01  Marine  
  98  7:02  Marine x2  
  98  7:03  Marine  
  98  7:04  SCV x2  
  98  7:05  SCV  
  98  7:06  Supply Depot  
  104  7:09  Marine x4  
  104  7:15  Armory  
  109  7:16  Marine  
  109  7:17  Medivac  
  109  7:19  Marine x2  
  109  7:22  Supply Depot, Marine x2  
  114  7:23  Marine  
  114  7:24  Supply Depot  
  114  7:25  Marine  
  114  7:27  Siege Tank  
  114  7:29  Supply Depot  
  118  7:31  Medivac, Marine  
  118  7:33  Marine  
  118  7:35  Marine x3  
  125  7:42  Supply Depot  
  125  7:43  Marine  
  125  7:44  Marine x5  
  131  7:48  Supply Depot  
  131  7:50  Marine x3  
  134  7:52  Marine  
  134  7:54  Marine  
  134  7:55  Marine  
  137  7:59  Medivac  
  137  8:01  Marine x2  
  140  8:07  Marine, Siege Tank  
  140  8:08  Marine x5  
  148  8:16  Terran Infantry Weapons Level 2  
  148  8:19  Terran Infantry Armor Level 2, Marine x2  
  147  8:20  Marine  
  147  8:25  Missile Turret  
  147  8:27  SCV x2  
  141  8:29  SCV  
  141  8:31  Marine x2  
  138  8:35  Missile Turret  
  138  8:36  Marine  
  138  8:37  Marine  
  138  8:38  Marine  
  138  8:39  SCV, Widow Mine  
  142  8:44  SCV  
  127  8:48  Marine x3  
  127  8:49  Marine  
  127  8:51  SCV  
  127  8:53  SCV  
  130  8:56  SCV  
  130  8:57  Marine x2  
  130  9:00  Siege Tank  
  136  9:03  SCV, Marine  
  136  9:05  Marine x2  
  136  9:06  Marine x4  
  136  9:08  Medivac  
  143  9:10  Medivac  
  143  9:11  Marine  
  143  9:12  Marine  
  143  9:14  SCV  
  143  9:15  SCV  
  143  9:16  Marine  
  149  9:19  SCV  
  149  9:20  Marine  
  149  9:21  Marine  
  149  9:23  Marine  
  153  9:27  Marine  
  153  9:29  Marine x2  
  153  9:30  Marine x3  
  157  9:33  Supply Depot, Marine x2  
  157  9:34  Marine  
  157  9:38  Marine  
  160  9:39  Supply Depot, Marine  
  160  9:41  Marine  
  160  9:45  Marine  
  164  9:47  Marine  
  165  9:54  Supply Depot, Marine x6, Medivac  
  165  9:59  Marine  
  173  10:00  Marine x3  
  173  10:01  Siege Tank  
  173  10:04  Marine x2  
  174  10:10  Medivac  
  174  10:13  Marine x2  
  171  10:15  Marine  
  171  10:17  Marine  
  170  10:22  Marine  
  170  10:23  Marine x4  
  170  10:24  Medivac, Marine  
  170  10:26  Command Center, Marine  
  179  10:31  Supply Depot  
  179  10:33  Marine x2  
  179  10:34  Marine x2  
  183  10:40  Medivac  
  183  10:41  Marine x2  
  187  10:47  Marine x2  
  187  10:48  Marine x3  
  187  10:49  Siege Tank  
  187  10:50  Marine  
  187  10:51  Marine  
  187  10:52  Marine x3  
  165  10:59  Marine x2  
  157  11:04  Marine x2  
  157  11:05  Marine  
  157  11:06  SCV, Marine  
  157  11:09  Marine x2  
  162  11:11  Marine  
  162  11:14  Marine  
  162  11:16  Marine  
  165  11:21  Siege Tank  
  165  11:29  Marine x3  
  165  11:31  Marine x3  
  165  11:32  Liberator  
  161  11:37  Liberator  
  161  11:39  Marine x2  
  169  11:41  SCV  
  169  11:42  SCV  
  169  11:43  SCV  
  169  11:44  Marine  
  169  11:45  Marine x2  
  175  11:48  Marine  
  175  11:49  Marine  
  175  11:51  Marine x3  
  175  11:53  Siege Tank  
  182  12:00  Missile Turret  
  182  12:01  Marine x2  
  182  12:05  Marine x2  
  183  12:09  Marine  
  183  12:13  Planetary Fortress  
  183  12:15  Medivac  
  184  12:16  Marine x3  
  184  12:18  Marine  
  184  12:19  Marine  
  184  12:20  Marine  
  171  12:25  Siege Tank  
  171  12:28  Marine  
  171  12:29  SCV  
  173  12:30  SCV, Marine x2  
  173  12:31  Marine x2  
  173  12:32  Marine  
  173  12:34  Marine x2  
  173  12:36  Marine x2  
  179  12:41  Marine x2  
  179  12:43  Liberator  
  172  12:45  Marine  
  170  12:56  Marine x3  
  170  12:57  Siege Tank  
  170  12:58  Medivac  
  149  12:59  Marine x5  
  149  13:00  Marine x2  
  149  13:01  Marine  
  145  13:06  Marine  
  128  13:14  Marine x3  
  128  13:16  Marine  
  128  13:17  Missile Turret, Marine x2  
  128  13:19  Marine  
  134  13:20  Marine  
  134  13:21  Command Center, Marine  
  134  13:25  Marine x2  
  134  13:26  Medivac  
  141  13:28  Medivac  
  141  13:33  Marine x2  
  141  13:34  Marine x2  
  146  13:35  SCV, Marine  
  142  13:44  Marine x2  
  130  13:51  Marine x2  
  130  13:53  Marine x2  
  117  13:56  Medivac, Marine  
  117  13:58  SCV, Refinery x2  
  117  13:59  Marine  
  117  14:00  Marine  
  123  14:03  SCV x2  
  123  14:04  Marine x3  
  123  14:05  Marine x2  
  123  14:08  Marine  
  123  14:09  Medivac  
  133  14:10  Marine  
  133  14:11  Marine x2  
  133  14:14  SCV x2  
  133  14:15  SCV  
  134  14:17  SCV, Marine x3  
  134  14:22  Marine x4  
  134  14:23  Missile Turret, Marine  
  139  14:27  Marine  
  139  14:30  Marine x2  
  141  14:35  Marine x2  
  143  14:38  Marine  
  143  14:42  Marine  
  143  14:44  Marine x3  
  147  14:48  Siege Tank  
  147  14:51  Marine  
  151  14:55  Marine x3  
  151  14:57  SCV  
  151  14:58  Unknown, Orbital Command  
  155  15:01  Planetary Fortress  
  155  15:02  SCV  
  155  15:04  Marine  
  153  15:08  Marine x2  
  153  15:09  Marine x3  
  158  15:16  SCV, Marine  
  158  15:17  Marine  
  149  15:22  Marine x3  
  149  15:23  Medivac  
  149  15:26  SCV  
  149  15:27  Marine  
  146  15:29  SCV x2  
  146  15:32  Marine  
  146  15:35  Marine x3  
  150  15:47  Marine  
  150  15:48  Marine  
  150  15:49  Marine  
Show
View Real Time Build Order
Export as new Build Order

Serral Zerg - Winner!

Build Orders: Hatch First, Muta Ling Bane 

Get SALT Encoding   

  12  0:00  Drone  
  13  0:12  Overlord  
  13  0:16  Drone  
  14  0:30  Drone x2  
  16  0:48  Hatchery  
  15  0:50  Drone  
  15  0:54  Drone  
  17  0:57  Drone  
  18  1:07  Extractor  
  17  1:12  Spawning Pool  
  17  1:15  Drone  
  17  1:18  Drone  
  18  1:27  Drone  
  19  1:38  Drone  
  20  1:48  Overlord  
  20  1:58  Queen  
  20  1:59  Queen  
  20  2:00  Zergling x4  
  26  2:11  Drone x2, Metabolic Boost  
  28  2:21  Drone x2  
  29  2:38  Hatchery  
  29  2:39  Drone x2  
  30  2:46  Queen  
  30  2:50  Overlord  
  32  2:54  Drone  
  32  2:55  Drone  
  32  2:58  Drone  
  35  3:10  Overlord, Drone x4  
  39  3:15  Drone  
  39  3:17  Drone  
  41  3:26  Queen  
  43  3:27  Overlord  
  43  3:30  Zergling x2  
  44  3:35  Overlord  
  44  3:37  Drone  
  44  3:38  Overlord, Drone  
  44  3:39  Drone  
  47  3:49  Zergling x2, Drone  
  47  3:51  Queen  
  47  3:53  Drone  
  52  3:57  Zergling x2  
  52  3:58  Drone x2  
  52  4:00  Drone  
  52  4:01  Drone  
  52  4:02  Queen  
  59  4:03  Drone  
  59  4:09  Overlord  
  60  4:10  Zergling x2  
  60  4:12  Drone x4  
  65  4:18  Spore Crawler  
  65  4:23  Spore Crawler  
  63  4:25  Zergling x2  
  63  4:27  Drone x2  
  63  4:30  Lair  
  66  4:32  Zergling x2  
  66  4:35  Zergling x2, Baneling Nest  
  66  4:36  Drone x2  
  66  4:37  Drone x2  
  71  4:43  Extractor  
  71  4:44  Extractor  
  69  4:45  Zergling x2  
  69  4:46  Zergling x2  
  69  4:47  Drone x4  
  75  4:55  Drone  
  76  5:00  Drone x5  
  81  5:10  Overlord  
  81  5:12  Evolution Chamber  
  81  5:13  Evolution Chamber  
  74  5:24  Zergling x18  
  74  5:27  Centrifical Hooks  
  78  5:30  Spore Crawler, Drone x3  
  78  5:34  Hatchery  
  78  5:38  Extractor  
  78  5:40  Drone x4  
  78  5:41  Drone  
  82  5:43  Drone  
  82  5:46  Zerg Melee Weapons Level 1, Overseer, Zerg Ground Armor Level 1  
  83  5:52  Overlord, Extractor x2  
  83  5:57  Drone x2  
  83  6:00  Drone x2  
  83  6:02  Drone x2  
  87  6:05  Drone x2  
  87  6:07  Overlord x2  
  87  6:10  Overlord  
  89  6:12  Drone  
  90  6:18  Spire  
  90  6:19  Drone  
  90  6:24  Zergling x2, Overlord  
  90  6:25  Zergling x6  
  94  6:28  Drone x2  
  94  6:29  Zergling x4  
  98  6:34  Drone x4  
  98  6:38  Drone  
  98  6:39  Pneumatized Carapace  
  103  6:42  Drone  
  103  6:46  Queen  
  106  6:48  Drone  
  106  6:49  Zergling x2  
  106  6:50  Zergling x10  
  106  6:51  Baneling x4  
  106  6:53  Baneling x4  
  113  6:57  Zergling x8  
  117  7:05  Overlord  
  117  7:08  Zergling x2  
  117  7:09  Zergling x10  
  117  7:10  Baneling x2  
  117  7:14  Overlord x2, Extractor  
  118  7:23  Drone  
  118  7:24  Drone x2  
  118  7:28  Overlord  
  119  7:30  Overlord  
  119  7:32  Mutalisk x2  
  119  7:33  Mutalisk x7  
  119  7:34  Hatchery  
  119  7:36  Zerg Flyer Weapons Level 1  
  136  7:41  Drone  
  136  7:42  Drone x4  
  136  7:44  Drone  
  140  7:46  Baneling x7  
  140  7:50  Zergling x2  
  140  7:51  Zergling x6  
  143  7:59  Overlord  
  143  8:00  Zerg Ground Armor Level 2  
  143  8:03  Zergling x16  
  151  8:08  Zerg Melee Weapons Level 2  
  148  8:14  Baneling x6  
  148  8:15  Baneling x2  
  148  8:17  Zergling x18  
  148  8:19  Baneling  
  157  8:20  Baneling x2  
  157  8:22  Zergling x6  
  158  8:31  Zergling x20  
  158  8:34  Baneling x11  
  161  8:36  Overlord  
  161  8:37  Zergling x6  
  163  8:43  Zergling x4  
  162  8:50  Mutalisk x2  
  162  8:52  Unknown  
  162  8:55  Zergling x4  
  162  9:05  Overlord  
  162  9:07  Mutalisk x2  
  162  9:08  Mutalisk  
  168  9:10  Zergling x14  
  175  9:20  Overlord  
  175  9:21  Hatchery  
  175  9:22  Overlord x2  
  175  9:23  Overlord x3  
  173  9:26  Overlord  
  172  9:34  Zerg Flyer Weapons Level 2  
  172  9:35  Overseer  
  172  9:37  Zergling x10  
  177  9:41  Baneling x9  
  177  9:42  Zergling x2  
  177  9:43  Zergling x2, Hatchery  
  178  9:48  Zergling x2  
  178  9:49  Zergling x10  
  184  9:55  Baneling x7  
  184  10:04  Zergling x20  
  193  10:11  Baneling  
  193  10:12  Baneling x11  
  176  10:19  Zergling x18  
  181  10:22  Queen  
  181  10:26  Baneling x16  
  183  10:31  Zergling x8  
  186  10:43  Zergling x14  
  184  10:53  Zergling x2  
  184  10:54  Zergling x18  
  180  10:59  Baneling x13  
  180  11:01  Zergling x2  
  180  11:02  Zergling x12  
  181  11:07  Baneling x7  
  181  11:09  Zergling x6  
  183  11:17  Zergling x6  
  186  11:22  Hatchery  
  177  11:27  Mutalisk x7  
  186  11:33  Overseer  
  186  11:36  Infestation Pit  
  186  11:37  Drone x3  
  188  11:42  Zergling x16  
  196  11:50  Zerg Flyer Armor Level 1, Baneling x7  
  196  11:51  Baneling x11  
  196  11:54  Drone  
  196  11:55  Drone x2  
  196  11:59  Baneling  
  192  12:09  Overseer x2  
  192  12:14  Zergling x28  
  168  12:24  Zergling x8  
  168  12:25  Zergling x18  
  168  12:28  Baneling x9  
  167  12:30  Zergling x4  
  167  12:35  Baneling x7  
  167  12:36  Baneling x5  
  169  12:40  Zergling x2  
  169  12:41  Zergling x20  
  169  12:43  Baneling x4  
  171  12:49  Baneling x3  
  171  12:50  Baneling x4  
  168  12:55  Zergling x20  
  163  13:05  Baneling x7  
  162  13:07  Zergling x12  
  162  13:08  Zergling x10  
  166  13:15  Zergling x16  
  166  13:16  Zergling x2  
  173  13:28  Baneling x11  
  173  13:32  Zergling x2  
  173  13:33  Zergling x8  
  175  13:34  Hatchery  
  162  13:42  Zergling x18  
  165  13:48  Zergling x2  
  165  13:49  Zergling x12  
  163  13:56  Hive  
  163  13:59  Overseer, Baneling x2  
  163  14:02  Baneling x6  
  163  14:05  Zergling x22  
  163  14:09  Drone x2  
  177  14:10  Drone x2  
  177  14:16  Baneling x6  
  177  14:17  Baneling x10  
  178  14:22  Zergling x14  
  185  14:29  Zergling x18  
  194  14:38  Spore Crawler  
  194  14:42  Baneling x18  
  194  14:43  Drone x6  
  199  14:52  Zergling x2  
  194  15:08  Mutalisk x6  
  194  15:27  Zergling x14  
  194  15:28  Zergling x2  
  199  15:31  Baneling x17  
  198  15:39  Baneling x6  
  198  15:41  Zergling x2  
  198  15:42  Zergling x2  
  199  15:49  Zergling x38  
  199  15:51  Baneling x8  
  196  16:01  Hatchery  

Tags
 
Add a new tag
Caveats
  • Supply blocks, unpowered buildings, or Contaminate may cause inaccurate times.
  • Supply counts are checked every 10 seconds.